 Dungeon Crawl Stone Soup version 0.26.1-11-gd32895ea62 (webtiles) character file.

Game seed: 14009712828578557229

65 Zeld the Caller (level 4, -13/32 HPs)
             Began as a Merfolk Summoner on June 6, 2021.
             Killed by divine providence
             ... invoked by an orc priest
              (15 damage)
             ... on level 3 of the Dungeon.
             The game lasted 00:03:39 (5961 turns).

Zeld the Caller (Merfolk Summoner)                  Turns: 5961, Time: 00:03:39

Health: -13/32     AC:  2    Str:  8    XL:     4   Next: 13%
Magic:  5/7        EV: 14    Int: 14    God:
Gold:   135        SH:  0    Dex: 15    Spells: 2/8 levels left

rFire    . . .     SeeInvis .   (no weapon)
rCold    . . .     Faith    .   (no shield)
rNeg     . . .     Spirit   .   a - +0 robe
rPois    .         Reflect  .   (no helmet)
rElec    .         Harm     .   (no cloak)
rCorr    .         Rampage  .   (no gloves)
Will     .....                  (no boots)
Stlth    ++........             (no amulet)
HPRegen  0.10/turn              (no ring)
MPRegen  0.10/turn              (no ring)

@: no status effects
A: change form in water, swift swim, stealthy swim
a: no special abilities


You were on level 3 of the Dungeon.
You visited 1 branch of the dungeon, and saw 4 of its levels.

You collected 135 gold pieces.

Inventory:

Armour
 a - a +0 robe (worn)
Jewellery
 g - a cursed ring of resist corrosion {unknown}
Scrolls
 b - 3 scrolls of remove curse {unknown}
 d - 3 scrolls of identify {unknown}
 e - a scroll of random uselessness {unknown}
 f - 2 scrolls of blinking {unknown}
 h - 2 scrolls of teleportation {unknown}
 j - a scroll of magic mapping {unknown}
Potions
 c - 2 potions of haste {unknown}
 i - a potion of invisibility {unknown}
 k - a potion of degeneration {unknown}
 l - a potion of magic {unknown}


   Skills:
 + Level 1.5 Fighting
 + Level 3.5 Dodging
 - Level 2.1 Stealth
 + Level 2.5 Spellcasting
 * Level 4.6 Summonings


You had 2 spell levels left.
You knew the following spells:

 Your Spells              Type           Power        Failure   Level
a - Summon Small Mammal   Summ           56%          3%          1
b - Call Imp              Summ           14%          4%          2
c - Call Canine Familiar  Summ           14%          10%         3

Your spell library contained the following spells:

 Spells                   Type           Power        Failure   Level
 Summon Guardian Golem    Hex/Summ       8%           26%         3
 Summon Ice Beast         Ice/Summ       8%           65%         4
 Summon Lightning Spire   Summ/Air       8%           65%         4


Dungeon Overview and Level Annotations

Branches:
Dungeon (4/15)
 Temple: D:4-7

Altars:
Dithmenos

Annotations:
D:3 Grinder


Message History

You climb upwards.
Level annotation: Grinder
There is a stone staircase leading down, spattered with blood here.
You see here a +0 mace.
The orc priest mumbles some strange prayers to Beogh against you.
Beogh smites you!
* * * LOW HITPOINT WARNING * * *
Casting: Call Imp (safe; 4% risk of failure)
Confirm with . or Enter, or press ? or * to list all spells.
A beastly little devil appears in a puff of flame.
The orc closely misses you. The gnoll hits you!
* * * LOW HITPOINT WARNING * * *
The orc priest calls down the wrath of Beogh upon you.
You barely resist.
Your crimson imp hits the orc.
Your crimson imp barely misses the gnoll.
The orc priest invokes the aid of Beogh against you.
Beogh smites you!
You die...

#############.##
...............##
####.######.....##
#...............#
#.#.######......########
##.#.# ##............#
#..#.########..#.######.#
#.##.##.)[........).###.#
#.##.##.#####..#@o.g5##.#
..##.......##..####.o##.#
#######.##.##..####..##.#
#.##........>..##.#
#.####.#.###...##.#
#.####.#.###...##.#
#.........<.......#
######.#####.#.#### #.#
#...#


You could see an orc priest, a gnoll, an orc and a friendly crimson imp
(summoned).

Vanquished Creatures
  2 orcs (D:3)
  2 giant cockroaches
  3 goblins
  3 jackals (D:2)
  A kobold (D:1)
  2 frilled lizards
  2 rats
15 creatures vanquished.

Vanquished Creatures (collateral kills)
  Terence (D:3)
  An ooze (D:2)
  2 dart slugs (D:1)
  3 leopard geckos
  4 orcs (D:3)
  3 bats
  3 giant cockroaches
  3 goblins
  3 hobgoblins
  A jackal (D:2)
  A frilled lizard (D:3)
  4 kobolds
  5 rats
34 creatures vanquished.

Grand Total: 49 creatures vanquished

Notes
Turn   | Place    | Note
-------+----------+-------------------------------------------
     0 | D:1      | Zeld the Merfolk Summoner began the quest for the Orb.
     0 | D:1      | Reached XP level 1. HP: 13/13 MP: 3/3
   359 | D:1      | Reached XP level 2. HP: 19/20 MP: 3/5
   396 | D:1      | Learned a level 2 spell: Call Imp
  1326 | D:2      | Found a shadowy altar of Dithmenos.
  1352 | D:2      | Reached skill level 1 in Fighting
  1684 | D:2      | Reached XP level 3. HP: 26/26 MP: 3/6
  2297 | D:2      | Learned a level 3 spell: Call Canine Familiar
  3189 | D:3      | Noticed Terence
  3224 | D:3      | Killed Terence
  3225 | D:3      | Reached XP level 4. HP: 32/32 MP: 1/7
  3496 | D:3      | Noticed Grinder
  3500 | D:3      | Paralysed by Grinder for 6 turns
  4155 | D:3      | Paralysed by Grinder for 3 turns
  4342 | D:3      | Paralysed by Grinder for 5 turns
  4685 | D:3      | Paralysed by Grinder for 6 turns
  5961 | D:3      | Killed from afar by an orc priest

Illustrated notes

Levels and vault maps discovered:
D:1:      ncdulo_smallfort, layout_basic
D:2:      layout_basic, nicolae_dithmenos_shadow_blocks
D:3:      layout_loops_ring, uniq_terence, uniq_grinder
D:4:      layout_cave_pods, minitemple, kennysheep_little_box,
          nzn_hepliaklqana_mist_gate, uniq_eustachio, uniq_edmund

Skill      XL: |  1  2 |
---------------+-------+-----
Dodging        | 3 |  3.5
Fighting       | 1 |  1.5
Stealth        | |  2.1
Spellcasting   | |  2.5
Summonings     | |  4.6

Action                   |  1- 3 |  4- 6 || total
-------------------------+-------+-------++-------
Melee: Unarmed           |   211 |     8 ||   219
 Cast: Summon Small Mamm |    16 |     2 ||    18
       Call Imp          |    20 |    14 ||    34
       Call Canine Famil |       |     1 ||     1
 Stab: Distracted        |     1 |       ||     1
       Sleeping          |     1 |       ||     1
Armor: Robe              |    49 |     1 ||    50
Dodge: Dodged            |   160 |    47 ||   207
